 Dungeon Crawl Stone Soup version 0.24.0-1-gfbc8707122 (webtiles) character file.

Game seed: 9986964678226011120, levelgen mode: deterministic

71 Froggeryz the Chopper (level 4, 0/36 HPs)
             Began as a Barachi Fighter on Oct 27, 2019.
             Slain by a gnoll
             ... wielding a +0 spear
              (3 damage)
             ... on level 2 of the Dungeon.
             The game lasted 00:01:56 (822 turns).

Froggeryz the Chopper (Barachi Fighter)              Turns: 822, Time: 00:01:57

Health: 0/36       AC:  8    Str: 18    XL:     4   Next: 24%
Magic:  4/4        EV:  8    Int:  8    God:
Gold:   24         SH:  9    Dex: 12    Spells: 3/3 levels left

rFire    . . .     SeeInvis .   a - +1 war axe
rCold    . . .     Gourm    .   c - +0 shield
rNeg     . . .     Faith    .   h - +0 steam dragon scales
rPois    .         Spirit   .   (no helmet)
rElec    .         Reflect  .   (no cloak)
rCorr    .         Harm     .   (no gloves)
MR       .....                  e - +2 pair of boots
Stlth    ..........             (no amulet)
HPRegen  0.12/turn              i - ring of attention (curse)
MPRegen  0.09/turn              (no ring)

@: about to teleport, can't hop, slow
A: +LOS, swims, slowness 1, strong legs 1
a: Hop


You were on level 2 of the Dungeon.
You were not hungry.

You visited 1 branch of the dungeon, and saw 2 of its levels.

You collected 24 gold pieces.

Inventory:

Hand Weapons
 a - a +1 war axe (weapon)
Armour
 b - a +0 scale mail
 c - a +0 shield (worn)
 e - a +2 pair of boots (worn)
 h - +0 steam dragon scales (worn)
Jewellery
 i - a cursed ring of attention (left hand)
Potions
 d - a potion of might
 g - a potion of berserk rage {unknown}
 j - a potion of agility {unknown}
 l - a potion of ambrosia {unknown}
 m - 2 potions of haste {unknown}
Comestibles
 f - 3 rations


   Skills:
 - Level 3.6 Fighting
 * Level 4.8 Axes
 - Level 3.6 Armour
 - Level 3.2 Shields


You had 3 spell levels left.
You didn't know any spells.
Your spell library was empty.

Dungeon Overview and Level Annotations

Branches:
Dungeon (2/15)

Altars:


Innate Abilities, Weirdness & Mutations

Shadows flee at your approach. (+LOS)
You can swim through water.
You cover ground slowly.
You can hop short distances.


Message History

You slash the gnoll!
The gnoll is heavily wounded.
The gnoll hits you with a +0 whip.
The gnoll hits you from afar with a +0 spear.
The gnoll closely misses you.
You hit the gnoll.
The gnoll is almost dead.
The gnoll completely misses you. The gnoll barely misses you. x2
The gnoll hits you with a +0 whip.
You slash the gnoll!
You kill the gnoll!
You block the gnoll's attack.
The gnoll hits you from afar with a +0 spear.
The gnoll barely misses you.
As you read the scroll labeled BEFICA CAMMUI, it crumbles to dust.
You feel strangely unstable.
It was a scroll of teleportation.
The gnoll hits you from afar with a +0 spear!
* * * LOW HITPOINT WARNING * * *
The gnoll hits you from afar with a +0 spear.
You die...

####(#.....## .. #
#..#(#......# ..
#...(.......# .)#
#...(.......#
#...(.......#
#...........#####
####)#..........#
#.#......)g..#
#.#.........@###....
#.#.........†)g......
#.##########.####....
#.# #+# . #+#


You could see 2 gnolls.

Vanquished Creatures
  2 gnolls (D:2)
  An adder (D:2)
  A worm (D:2)
  2 dart slugs
  A leopard gecko (D:1)
  2 giant cockroaches
  4 goblins
  2 hobgoblins (D:1)
  6 jackals (D:1)
  2 kobolds
  2 ball pythons (D:2)
  4 bats (D:1)
  7 rats
36 creatures vanquished.

Notes
Turn   | Place    | Note
-------+----------+-------------------------------------------
     0 | D:1      | Froggeryz the Barachi Fighter began the quest for the Orb.
     0 | D:1      | Reached XP level 1. HP: 18/18 MP: 1/1
    22 | D:1      | Reached XP level 2. HP: 17/24 MP: 2/2
    73 | D:1      | Reached skill level 3 in Axes
   533 | D:1      | Reached XP level 3. HP: 29/29 MP: 3/3
   693 | D:2      | Reached skill level 4 in Axes
   788 | D:2      | Found a faded altar of an unknown god.
   814 | D:2      | Reached XP level 4. HP: 25/36 MP: 4/4
   822 | D:2      | Slain by a gnoll

Levels and vault maps discovered:
D:1:      dpeg_arrival_simpleton_a, layout_loops_cross
D:2:      layout_basic, nicolae_overflow_hidden_temple,
          grunt_temple_overflow_open, chequers_ecumenical_altar_twisty,
          minmay_pentomino_z2

Skill      XL: |  1  2  3 |
---------------+----------+-----
Axes           | 3 4 |  4.8
Fighting       | |  3.6
Armour         | |  3.6
Shields        | |  3.2

Action                   |  1- 3 |  4- 6 || total
-------------------------+-------+-------++-------
Melee: War axe           |    87 |     5 ||    92
 Abil: Hop               |       |     1 ||     1
  Use: Scroll            |     4 |     1 ||     5
Armor: Scale mail        |    31 |       ||    31
       Steam dragon scal |    12 |     1 ||    13
Dodge: Dodged            |    31 |    10 ||    41
Block: Shield            |    51 |     4 ||    55
